 Dungeon Crawl Stone Soup version 0.30.0 (webtiles) character file.

Game seed: 4217816223631691315

2566 CrazyBamboolord the Cutter (level 9, 0/74 HPs)
             Began as a Pale Draconian Artificer on May 5, 2023.
             Was a Believer of Uskayaw.
             Slain by an orc warrior
             ... wielding a +0 hand axe
              (9 damage)
             ... on level 8 of the Dungeon on May 6, 2023.
             The game lasted 00:14:24 (6545 turns).

CrazyBamboolord the Cutter (DrAr)                   Turns: 6545, Time: 00:14:25

Health: 0/74       AC: 10    Str: 14    XL:     9   Next: 31%
Magic:  10/10      EV: 20    Int: 13    God:    Uskayaw [**....]
Gold:   403        SH:  0    Dex: 15    Spells: 8/8 levels left

rFire   + . .        a - +2 dagger (venom)
rCold   + . .        (no shield)
rNeg    + . .        (body armour unavailable)
rPois   .            (helmet restricted)
rElec   .            f - +0 cloak
rCorr   +            A - +0 pair of gloves
SInv    +            u - +0 pair of boots
Will    +....        (no amulet)
Stlth   +            m - ring of Plog {Drain rF+ rC+ rN+ EV+5}
HPRegen 0.32/turn    w - ring of the Komtur {Will+ rCorr SInv}
MPRegen 0.12/turn

%: no passive effects
@: confused, short of breath, ambrosia-drunk
A: breathe steam, AC +7, unfitting armour, cold-blooded, steam resistance
a: Breathe Steam, Renounce Religion, Stomp, Line Pass


You were on level 8 of the Dungeon.
You worshipped Uskayaw.
Uskayaw was noncommittal.
You visited 2 branches of the dungeon, and saw 9 of its levels.

You collected 403 gold pieces.

Inventory:

Hand Weapons
 a - a +2 dagger of venom (weapon)
Armour
 f - a +0 cloak (worn)
 u - a +0 pair of boots (worn)
 A - a +0 pair of gloves (worn)
Jewellery
 m - the ring of Plog (left hand) {Drain rF+ rC+ rN+ EV+5}
   (You found it on level 2 of the Dungeon)

   [ring of evasion]

   EV:        It affects your evasion (+5).
   rF:        It protects you from fire.
   rC:        It protects you from cold.
   rN:        It protects you from negative energy.
   Drain:     It drains your maximum health when unequipped.
 p - a ring of positive energy
 w - the ring of the Komtur (right hand) {Will+ rCorr SInv}
   (You found it on level 5 of the Dungeon)

   [ring of resist corrosion]

   SInv:      It lets you see invisible.
   rCorr:     It protects you from acid and corrosion.
   Will:      It increases your willpower.
Wands
 b - a wand of flame (12)
 c - a wand of charming (15)
 d - a wand of iceblast (5)
 r - a wand of polymorph (7)
Scrolls
 e - 2 scrolls of vulnerability
 j - 2 scrolls of teleportation
 k - 3 scrolls of silence
 n - 2 scrolls of blinking
 s - 3 scrolls of fear
 y - a scroll of butterflies {unknown}
Potions
 g - 3 potions of mutation {unknown}
 h - 2 potions of flight {unknown}
 i - 2 potions of degeneration {unknown}
 l - a potion of brilliance {unknown}
 o - a potion of attraction {unknown}
 q - a potion of magic {unknown}
 t - 3 potions of berserk rage {unknown}
 x - a potion of lignification {unknown}
 z - a potion of heal wounds {unknown}


   Skills:
 * Level 5.3 Fighting
 * Level 6.7 Short Blades
 * Level 6.4 Dodging
 * Level 4.9 Stealth
 * Level 1.5 Invocations
 * Level 5.7 Evocations


You had 8 spell levels left.
You didn't know any spells.
Your spell library contained the following spells:

 Spells                   Type           Power      Damage    Failure   Level
 Necrotise                Necr           0%         1d4       30%         1
 Sandblast                Erth           0%         2d4       30%         1
 Passwall                 Tmut/Erth      0%         N/A       43%         2
 Scorch                   Fire           0%         2d5       43%         2
 Stone Arrow              Conj/Erth      0%         3d7       67%         3
 Vampiric Draining        Necr           0%         2d6       67%         3
 Flame Wave               Conj/Fire      0%         2d4       97%         4
 Passage of Golubria      Tloc           0%         N/A       97%         4
 Agony                    Necr           0%         N/A       100%        5
 Silence                  Hex/Air        0%         N/A       100%        5
 Summon Cactus Giant      Summ           0%         N/A       100%        6
 Lehudib's Crystal Spear  Conj/Erth      0%         10d2      100%        8


Dungeon Overview and Level Annotations

Branches:
Dungeon (8/15)             Temple (1/1) D:6
   Lair: D:8-11

Altars:
Cheibriados
Dithmenos
Elyvilon
Fedhas
Gozag
Hepliaklqana
Kikubaaqudgha
Makhleb
Nemelex Xobeh
Okawaru
Qazlal
Sif Muna
Trog
Uskayaw
Vehumet
Wu Jian
Xom
Yredelemnul
Zin
The Shining One

Shops:
D:3 *   D:7 :


Innate Abilities, Weirdness & Mutations

You can breathe blasts of scalding, opaque steam.
Your pale cyan-grey scales are hard. (AC +7)
You cannot fit into any form of body armour.
You are cold-blooded and may be slowed by cold attacks.
You are immune to the effects of steam.


Message History

The orc wizard casts a spell.
The orc wizard flickers and vanishes for a moment.
The orc attacks as you move away! The orc completely misses you.
You feel a bit more experienced. The orc misses you. x2
The orc warrior attacks as you move away!
The orc warrior misses you. The orc misses you. The orc barely misses you.
You hit the orc.
The orc is poisoned.
The orc is severely wounded.
You kill the orc!
The orc wizard casts a spell.
The orc wizard flickers and vanishes for a moment.
The orc misses you.
The orc complains noisily.
The orc warrior barely misses you.
The orc warrior hits you but does no damage.
You barely miss the orc.
The orc warrior hits you from afar with a +0 halberd!
* * * LOW HITPOINT WARNING * * *
The orc warrior hits you with a +0 hand axe.
* * * LOW HITPOINT WARNING * * *
Unknown command.
You miss the orc warrior.
Your tail-slap misses the orc warrior.
You hit the orc.
The orc is poisoned.
The orc is severely wounded.
The orc barely misses you. x2; The orc warrior misses you.
The orc warrior hits you from afar with a +0 halberd!
* * * LOW HITPOINT WARNING * * *
The orc throws a boomerang.
The boomerang hits you but does no damage.
The orc completely misses you.
You hit the orc but do no damage.
The orc is poisoned.
Unknown command.
Unknown command.
You bump into the orcish idol.
The orc completely misses you.
The orc wizard casts a spell.
The orc wizard flickers and vanishes for a moment.
The orc warrior completely misses you. The orc misses you.
The orc barely misses you. The orc completely misses you. The orc misses you.
The orc warrior hits you with a +0 hand axe!
You die...

##############
###.....o..o....
#8..8.o8oo8oo..8
.....oo@oo.oo..8
......oooooo....
.......oooo....8
#8..8..8o.8....8
###.............
##############


You could see 2 orc warriors, an orc priest, 3 orc wizards and 18 orcs.

Vanquished Creatures
  A rime drake (D:5)
  A yak (D:8)
  A steam dragon (D:6)
  A water moccasin (D:5)
  A sky beast (D:6)
  3 ice beasts
  2 black bears
  An ogre (D:5)
  A phantom (D:5)
  4 centaurs
  2 lemures (D:5)
  A bullfrog (D:7)
  A scorpion (D:5)
  2 killer bees (D:8)
  An orc priest (D:4)
  3 hounds (D:5)
  2 jellies
  A gnoll bouda (D:7)
  3 iguanas
  6 orc wizards
  A sleepcap (D:5)
  6 adders
  4 gnolls (D:7)
  An ufetubus (D:5)
  A worm (D:3)
  2 dart slugs
  25 orcs
  7 ball pythons
  7 bats
  5 endoplasms
  5 giant cockroaches
  10 goblins
  5 hobgoblins
  5 frilled lizards
  12 kobolds
  8 rats
142 creatures vanquished.

Vanquished Creatures (others)
  An orc wizard (D:4)
1 creature vanquished.

Grand Total: 143 creatures vanquished

Notes
Turn   | Place    | Note
-------+----------+-------------------------------------------
     0 | D:1      | CrazyBamboolord the Draconian Artificer began the quest for
                  | the Orb.
     0 | D:1      | Reached XP level 1. HP: 16/16 MP: 1/1
    88 | D:1      | Reached skill level 1 in Stealth
   123 | D:1      | Reached XP level 2. HP: 16/23 MP: 2/2
   525 | D:1      | Reached XP level 3. HP: 28/28 MP: 3/3
   579 | D:1      | Reached skill level 1 in Short Blades
   730 | D:1      | Found a faded altar of an unknown god.
   730 | D:1      | Noticed an orange demon
  1718 | D:2      | Reached XP level 4. HP: 35/35 MP: 4/4
  1815 | D:2      | Identified the ring of Plog {Drain rF+ rC+ rN+ EV+5}
  2298 | D:3      | Found Zaes's General Store.
  2324 | D:3      | Found a shadowy altar of Dithmenos.
  2648 | D:4      | Noticed a black bear
  2832 | D:4      | Reached XP level 5. HP: 29/41 MP: 5/5
  2917 | D:4      | Killed a black bear
  3121 | D:4      | Found a shimmering blue altar of Sif Muna.
  3160 | D:4      | Reached XP level 6. HP: 35/50 MP: 6/6
  3487 | D:4      | Found a shimmering altar of Xom.
  3623 | D:4      | Found a glowing golden altar of the Shining One.
  3874 | D:5      | Entered Level 5 of the Dungeon
  3981 | D:5      | Your scales start taking on a pale cyan-grey colour.
  3981 | D:5      | Reached XP level 7. HP: 43/57 MP: 7/7
  3981 | D:5      | Gained mutation: You are immune to the effects of steam.
                  | [Pale Draconian growth]
  3981 | D:5      | Upgraded the game from 0.30-b1-6-gad0e9d6a2d to 0.30.0
  4059 | D:5      | Noticed Pikel
  4066 | D:5      | Pikel changed into Pikel the rime drake
  4066 | D:5      | Noticed Pikel
  4094 | D:5      | Killed Pikel the rime drake
  4103 | D:5      | Reached XP level 8. HP: 25/66 MP: 8/8
  4277 | D:5      | Reached skill level 5 in Short Blades
  4520 | D:5      | Reached skill level 5 in Evocations
  4588 | D:5      | Identified the +1 scale mail of Carulot {rElec Regen+ rCorr
                  | Stlth+}
  4810 | D:5      | Reached skill level 5 in Dodging
  4880 | D:5      | Identified the ring of the Komtur {Will+ rCorr SInv}
  4962 | D:5      | Found a burning altar of Makhleb.
  5144 | D:6      | Found a staircase to the Ecumenical Temple.
  5151 | Temple   | Entered the Ecumenical Temple
  5346 | Temple   | Became a worshipper of Uskayaw the Reveller
  5423 | D:6      | Reached * piety under Uskayaw
  5429 | D:6      | Found a glowing silver altar of Zin.
  5437 | D:6      | Reached ** piety under Uskayaw
  5553 | D:6      | Reached *** piety under Uskayaw
  5555 | D:6      | Reached **** piety under Uskayaw
  5561 | D:6      | Reached skill level 5 in Fighting
  5765 | D:6      | Found a basalt altar of Yredelemnul.
  5949 | D:7      | Found an opulent altar of Gozag.
  6070 | D:7      | Reached XP level 9. HP: 74/74 MP: 9/9
  6114 | D:7      | Found Xehuqant's Self-Improvement Boutique.
  6135 | D:7      | Reached skill level 1 in Invocations
  6543 | D:8      | HP: 3/74 [orc warrior/+0 halberd (14)]
  6545 | D:8      | Slain by an orc warrior

Illustrated notes

Levels and vault maps discovered:
D:1:      amcnicky_arrival_blooded_trapdoor, layout_basic,
          dreamdust_ecumenical_altar_sealed_demon
D:2:      layout_loops_corners, minmay_misc_feat_alley, kennysheep_doodads,
          st_stairs_5, grunt_ministairs_11, due_unseen_surprise
D:3:      layout_loops_ring, nicolae_dithmenos_shadow_blocks, serial_shops,
          nicolae_shop_real_fake_doors
D:4:      layout_loops_cross, mainiacjoe_overflow_boulevard, kennysheep_mini,
          nicolae_tso_swordbearing_angel
D:5:      layout_cave_pools, mainiacjoe_overflow_six_doors_small,
          minmay_hedge_maze, uniq_pikel
D:6:      layout_cave_pools, mainiacjoe_overflow_concentric_impassable,
          mainiacjoe_overflow_alcove_1, minmay_temple_entry_tees, serial_rivers,
          chequers_serial_rivers_small_a, chequers_serial_rivers_small_b,
          chequers_serial_rivers_large_a, chequers_serial_rivers_micro_c,
          chequers_serial_rivers_micro_b, chequers_serial_rivers_marsh
D:7:      layout_loops_ring, mainiacjoe_overflow_surrounded_room,
          nicolae_shop_self_help
D:8:      layout_rooms, lemuel_doored_altar, dpeg_oklobed_lair,
          lightli_church_of_beogh
Temple:   nicolae_temple_figure_eight

Skill      XL: |  1  2  3  4  5  6  7  8  9 |
---------------+----------------------------+-----
Stealth        | 1 2 3 4 |  4.9
Short Blades   | 1 2 3 4 6 |  6.7
Fighting       | 2 3 5 |  5.3
Dodging        | 3 4 5 6 |  6.4
Evocations     | 4 5 |  5.7
Invocations    | 1 |  1.5

Action                     |  1- 3 |  4- 6 |  7- 9 || total
---------------------------+-------+-------+-------++-------
  Melee: Dagger            |   140 |   164 |   212 ||   516
         Club              |    10 |       |       ||    10
         Tailslap          |    17 |    16 |    52 ||    85
         Punch             |       |     2 |     5 ||     7
 Invoke: Line Pass         |       |       |     1 ||     1
Ability: Breathe Steam     |       |       |     6 ||     6
  Evoke: Wand              |     3 |     2 |     6 ||    11
    Use: Potion            |     1 |       |     3 ||     4
         Scroll            |       |     4 |     3 ||     7
   Stab: Sleeping          |     2 |     3 |     5 ||    10
         Paralysed         |       |       |     3 ||     3
 Armour: Skin              |    41 |    25 |    47 ||   113
  Dodge: Dodged            |    93 |   111 |   235 ||   439
